 Dungeon Crawl Stone Soup version 0.23-a0-97-g66d73a1 (webtiles) character file.

12832 galech the Cleaver (level 11, -11/130 HPs)
             Began as a Demonspawn Berserker on Aug 17, 2018.
             Was a High Priest of Trog.
             Mangled by a reaper
             ... wielding a +2 scythe of freezing
              (23 damage)
             ... in an ice cave.
             The game lasted 00:18:43 (11264 turns).

galech the Cleaver (Demonspawn Berserker)          Turns: 11264, Time: 00:18:44

Health: -11/130    AC: 19    Str: 23    XL:     11   Next: 67%
Magic:  21/21      EV: 10    Int: 14    God:    Trog [*****.]
Gold:   318        SH:  0    Dex: 15    Spells: 10/10 levels left

rFire    + . .     SeeInvis .   I - +8 hand axe (freeze)
rCold    + . .     Gourm    .   (no shield)
rNeg     + . .     Faith    .   f - +1 chain mail {rF+}
rPois    .         Spirit   .   J - +3 hat of Pondering {ponderous, MR+ MP+10 Int+5}
rElec    .         Reflect  .   (no cloak)
rCorr    .         Harm     .   (no gloves)
MR       ++++.                  p - +0 pair of boots
Stlth    ..........             k - amulet of magic regeneration
HPRegen  1.31/turn              s - ring of protection from cold
MPRegen  0.42/turn              G - ring of Dawn {rN+ MR+}

@: mighty, berserking, regenerating, very quick
A: horns 2, molten scales 2, powered by pain 2
a: Berserk, Trog's Hand, Brothers in Arms, Renounce Religion


You were in an ice cave.
You worshipped Trog.
Trog was extremely pleased with you.
You were near starving.

You visited 1 branch of the dungeon, and saw 11 of its levels.
You also visited: Ice Cave.

You collected 428 gold pieces.
You spent 110 gold pieces at shops.

Inventory:

Hand Weapons
 H - a +1 great sword of flaming
 I - a +8 hand axe of freezing (weapon)
Armour
 f - a +1 chain mail of fire resistance (worn)
 p - a +0 pair of boots (worn)
 r - a +0 plate armour
 J - the +3 hat of Pondering (worn) {ponderous, MR+ MP+10 Int+5}
   (You found it on level 8 of the Dungeon)

   It affects your intelligence (+5).
   It affects your resistance to hostile enchantments.
   It affects your magic capacity (+10).
Jewellery
 a - a +5 ring of dexterity
 k - an amulet of magic regeneration (around neck)
 s - a ring of protection from cold (left hand)
 G - the ring of Dawn (right hand) {rN+ MR+}
   (You took it off an orc on level 8 of the Dungeon)

   [ring of protection from magic]

   It protects you from negative energy.
   It affects your resistance to hostile enchantments.
 K - an uncursed ring of fire
 P - an uncursed ring of positive energy
Wands
 t - a wand of digging (10)
 u - a wand of paralysis (24)
 y - a wand of flame (20)
 L - a wand of disintegration (28)
 Q - a wand of polymorph (32)
Scrolls
 e - 2 scrolls of random uselessness
 h - 6 scrolls of teleportation
 i - a scroll of remove curse
 m - 3 scrolls of fog
 n - a scroll of noise
 o - a scroll of blinking
 q - 3 scrolls of magic mapping
 v - 2 scrolls of amnesia
 x - a scroll of acquirement {unknown}
 E - 2 scrolls of enchant armour
 F - 2 scrolls of immolation
 M - a scroll of identify
 O - a scroll of torment {unknown}
 R - a scroll of holy word {unknown}
Potions
 b - 4 potions of curing
 d - a potion of flight {unknown}
 g - a potion of ambrosia {unknown}
 j - 5 potions of heal wounds
 l - 2 potions of brilliance {unknown}
 w - 3 potions of mutation {unknown}
 A - 2 potions of might {unknown}
 B - 2 potions of degeneration {unknown}
 C - a potion of resistance {unknown}
 D - a potion of haste {unknown}
 N - a potion of magic {unknown}
Miscellaneous
 z - a lightning rod (4/4)
Comestibles
 c - 19 rations


   Skills:
 + Level 8.6 Fighting
 + Level 12.4 Axes
 + Level 9.0 Armour
 + Level 3.6 Dodging
 + Level 2.2 Stealth


You had 10 spell levels left.
You didn't know any spells.
Your spell library was empty.

Dungeon Overview and Level Annotations

Branches:
Dungeon (11/15)            Temple (0/1) D:4            Lair (0/6) D:9
    Orc (0/2) D:11

Altars:
Ashenzari
Nemelex Xobeh
Okawaru
Qazlal
Trog
Uskayaw
Vehumet

Shops:
D:4 !(*%   D:9 }   D:11 !


Innate Abilities, Weirdness & Mutations

You have a pair of horns on your head.
You are mostly covered in molten scales. (AC +3)
You sometimes gain power by taking damage.


Message History

Found a twisted glowing staff and 2 pink potions.
Your skin crawls.
You feel resistant to hostile enchantments.
You feel somewhat more hungry.
You are engulfed in freezing vapours.
You resist.
* * * LOW HITPOINT WARNING * * *
The reaper barely misses you.
A red film seems to cover your vision as you go berserk!
You feel yourself moving faster!
You feel mighty!
You are near starving!
You feel a strong urge to attack something.
The reaper closely misses you.
You slash the reaper! You freeze the reaper.
The reaper is lightly wounded.
You hit the reaper. You freeze the reaper. Your headbutt misses the reaper.
The reaper is moderately wounded.
You are engulfed in freezing vapours.
You resist.
* * * LOW HITPOINT WARNING * * *
The reaper hits you with a scythe of freezing!!
You die...

####§.###§..§..
#.)##.§#§§...#
#..)##§§§§§.## #
....##§§§§###§§#.
....###§§§#§§§≈..
## ...##
#§§§#§§§§.. ..# #
.#.##
#§§§#§§§####§.#.!#
##..#
#§§§§§§§§§§§....|#
#...#
#§§#§§§§§§@2..#
....#
##§##§§#§#§§#.#
.#..# #§§#.##§#§§#
.#..##
#...§#§.##..#
##...#
##..##§§§#.##
##..# #.§.§§.§###
#...## ##§§§§§§#
##...# #§§§§§##
##..## ##§.§##


You could see a reaper.

Vanquished Creatures
  A two-headed ogre (D:8)
  3 death yaks (D:9)
  A cyclops (D:11)
  A centaur zombie (D:10)
  2 ice statues (IceCv)
  6 ice devils (IceCv)
  3 trolls
  Grinder (D:4)
  2 hippogriffs
  A vampire (D:8)
  A shadow (D:8)
  5 yaks
  Sigmund (D:2)
  A water elemental (D:11)
  A wyvern (D:8)
  A soldier ant (D:10)
  A water moccasin (D:11)
  A black bear (D:10)
  3 orc warriors
  An ice beast (D:5)
  2 sky beasts
  A necrophage (D:10)
  3 phantoms
  5 centaurs
  3 ogres
  2 big kobolds
  4 bullfrogs
  2 scorpions
  5 wights (D:10)
  4 electric eels
  3 howler monkeys (D:7)
  4 crimson imps
  10 orc wizards
  8 hounds
  8 orc priests
  A centaur skeleton (D:7)
  A jelly (D:6)
  3 bullfrog skeletons
  6 iguanas
  9 worker ants
  A killer bee zombie (D:8)
  A hound zombie (D:11)
  A worker ant zombie (D:8)
  Robin (D:4)
  A howler monkey skeleton (D:7)
  10 gnolls
  12 adders
  4 shadow imps
  9 white imps (IceCv)
  5 ufetubi (IceCv)
  2 oozes
  An adder zombie (D:7)
  An adder skeleton (D:4)
  A worm (D:5)
  A dart slug (D:1)
  7 leopard geckos
  36 orcs
  9 bats
  5 giant cockroaches
  15 goblins
  18 hobgoblins
  24 jackals
  18 kobolds
  4 quokkas
  A ball python (D:2)
  4 frilled lizards
  A leopard gecko skeleton (D:4)
  2 quokka skeletons
  8 rats
  A plant (D:7)
325 creatures vanquished.

Vanquished Creatures (others)
  2 white imps (IceCv)
  2 ufetubi (IceCv)
4 creatures vanquished.

Grand Total: 329 creatures vanquished

Notes
Turn   | Place    | Note
-------+----------+-------------------------------------------
     0 | D:1      | galech the Demonspawn Berserker began the quest for the Orb.
     0 | D:1      | Reached XP level 1. HP: 18/18 MP: 1/1
    81 | D:1      | Gained mutation: You are partially covered in molten scales. (AC +2) [demonic ancestry]
    81 | D:1      | Reached XP level 2. HP: 14/24 MP: 2/2
   245 | D:1      | Reached skill level 3 in Axes
   368 | D:1      | Gained mutation: You sometimes gain a little power by taking damage. [demonic ancestry]
   368 | D:1      | Reached XP level 3. HP: 10/29 MP: 3/3
   739 | D:1      | Reached ** piety under Trog
  1179 | D:2      | Noticed Sigmund
  1191 | D:2      | Killed Sigmund
  1191 | D:2      | Reached skill level 4 in Axes
  1191 | D:2      | Gained mutation: You are mostly covered in molten scales. (AC +3) [demonic ancestry]
  1191 | D:2      | Reached XP level 4. HP: 15/37 MP: 4/4
  1191 | D:2      | Reached XP level 5. HP: 17/42 MP: 5/5
  1762 | D:3      | Gained mutation: You have a pair of small horns on your head. [demonic ancestry]
  1762 | D:3      | Reached XP level 6. HP: 40/48 MP: 6/6
  1970 | D:2      | Reached skill level 5 in Axes
  2053 | D:3      | Reached *** piety under Trog
  2437 | D:4      | Noticed Robin
  2448 | D:4      | Killed Robin
  2554 | D:4      | Found Nuzit's Weapon Boutique.
  2555 | D:4      | Found Zotwi's Assorted Antiques.
  2558 | D:4      | Gained mutation: You have a pair of horns on your head. [demonic ancestry]
  2558 | D:4      | Reached XP level 7. HP: 55/55 MP: 7/7
  2708 | D:4      | Noticed Grinder
  2718 | D:4      | Killed Grinder
  2718 | D:4      | Reached skill level 5 in Fighting
  2718 | D:4      | Reached skill level 6 in Axes
  2989 | D:4      | Found Cenuff's Distillery.
  3106 | D:4      | Bought 2 potions of curing for 60 gold pieces
  3106 | D:4      | Bought a potion of heal wounds for 50 gold pieces
  3159 | D:4      | Found a staircase to the Ecumenical Temple.
  3295 | D:4      | Reached **** piety under Trog
  3295 | D:4      | Reached XP level 8. HP: 58/62 MP: 8/8
  3409 | D:4      | Found Abophim's Food Boutique.
  3540 | D:5      | Entered Level 5 of the Dungeon
  3802 | D:5      | Found a shattered altar of Ashenzari.
  3862 | D:5      | Reached skill level 7 in Axes
  4699 | D:6      | Reached skill level 5 in Armour
  4780 | D:6      | Reached skill level 8 in Axes
  5259 | D:7      | Gained mutation: You sometimes gain power by taking damage. [demonic ancestry]
  5259 | D:7      | Reached XP level 9. HP: 69/69 MP: 9/9
  5265 | D:7      | Reached ***** piety under Trog
  5488 | D:7      | Found a stormy altar of Qazlal.
  5528 | D:7      | Reached skill level 9 in Axes
  6315 | D:8      | Found a hide-covered altar of Uskayaw.
  6423 | D:8      | Found a radiant altar of Vehumet.
  6517 | D:8      | Reached skill level 10 in Axes
  6517 | D:8      | Reached skill level 1 in Stealth
  6535 | D:8      | Noticed a troll
  6541 | D:8      | Killed a troll
  6560 | D:8      | Got a twitching wooden ring
  6564 | D:8      | Identified the ring of Dawn {rN+ MR+} (You took it off an orc on level 8 of the Dungeon)
  6587 | D:8      | Received a gift from Trog
  6894 | D:8      | Found the +3 hat of Pondering {ponderous, MR+ MP+10 Int+5}
  6930 | D:8      | Noticed a two-headed ogre
  6937 | D:8      | Killed a two-headed ogre
  6937 | D:8      | Reached XP level 10. HP: 57/77 MP: 10/10
  7298 | D:8      | Found a bloodstained altar of Trog.
  7299 | D:8      | Found an iron altar of Okawaru.
  7479 | D:8      | Found a sparkling altar of Nemelex Xobeh.
  7865 | D:9      | Noticed a death yak
  7882 | D:9      | Killed a death yak
  8044 | D:9      | Found a staircase to the Lair.
  8045 | D:9      | Noticed a death yak
  8045 | D:9      | Noticed a death yak
  8066 | D:9      | Killed a death yak
  8066 | D:9      | Reached skill level 11 in Axes
  8073 | D:9      | Killed a death yak
  8454 | D:9      | Found Najinkefuff's Gadget Shoppe.
  8982 | D:10     | Entered Level 10 of the Dungeon
  9010 | D:10     | Reached XP level 11. HP: 58/85 MP: 11/11
 10414 | D:11     | Reached skill level 12 in Axes
 10463 | D:11     | Found a frozen archway.
 10468 | D:11     | Found Hialeo's Distillery.
 10472 | IceCv    | Entered an ice cave
 11257 | IceCv    | Noticed a reaper
 11264 | IceCv    | Mangled by a reaper

Vault maps used:
D:1:      saegor_arrival_simple_a
D:2:      first_ration, uniq_sigmund
D:3:      kennysheep_generic_room_4
D:4:      minmay_temple_entry_butterflies, serial_shops, nicolae_shop_stone,
          shop, shop_statue, shop, minmay_close_crescents, uniq_grinder,
          uniq_robin
D:5:      kennysheep_little_box, kennysheep_potato
D:7:      nicolae_qazlal_general_emergency, serial_bayou_lagoon_a
D:8:      minmay_the_grid_four_pointed_star, vehumet_altar_wand_db,
          nemelex_altar_shiori, grunt_temple_overflow_bloody_war, basic_altar
D:9:      dpeg_lair_monsters, serial_shops, shop
D:11:     kennysheep_orc_monster_closet_entryway, serial_shops,
          nicolae_shop_waterfront, shop, shop, portal_ice_cave_entry_pillars_1
IceCv:    ice_cave_small_demon

Skill      XL: |  1  2  3  4  5  6  7  8  9 10 11 |
---------------+----------------------------------+-----
Axes           | 3 4 5 6 8 10 11 12 | 12.4
Dodging        | 2 3 |  3.6
Armour         | 2 3 4 5 6 8 9 |  9.0
Fighting       | 4 5 6 7 8 |  8.6
Stealth        | 1 2 |  2.2

Action                   |  1- 3 |  4- 6 |  7- 9 | 10-12 || total
-------------------------+-------+-------+-------+-------++-------
Melee: Hand axe          |   139 |   205 |   303 |   288 ||   935
       Headbutt          |       |    20 |   112 |    78 ||   210
       War axe           |       |       |   196 |       ||   196
Invok: Berserk           |     1 |     4 |     8 |    10 ||    23
       Trog's Hand       |       |     2 |     2 |     6 ||    10
  Use: Scroll            |       |       |     3 |    11 ||    14
       Potion            |       |       |     1 |       ||     1
  Eat: Chunk             |     1 |    10 |    23 |    17 ||    51
       Ration            |       |       |       |     2 ||     2
Armor: Animal skin       |     6 |       |       |       ||     6
       Ring mail         |    54 |    10 |       |       ||    64
       Scale mail        |       |    60 |       |       ||    60
       Chain mail        |       |    31 |    24 |    42 ||    97
       Plate armour      |       |       |   271 |    82 ||   353
       Skin              |       |       |     1 |       ||     1
Dodge: Dodged            |    97 |   108 |   177 |    70 ||   452

Table legend:
 A = Non-vault XP
 B = Vault XP
 C = Vault XP percentage of total XP
 D = Non-vault monster count
 E = Vault monster count
 F = Vault count percentage of total count
                 A         B        C        D         E       F
            +---------+---------+-------+---------+---------+-------
      Total |   10259 |    8073 |  44.0 |     270 |      54 |  16.7
            +---------+---------+-------+---------+---------+-------
        D:1 |      55 |       0 |   0.0 |      26 |       0 |   0.0
        D:2 |     168 |     208 |  55.3 |      24 |       1 |   4.0
        D:3 |     216 |       4 |   1.8 |      32 |       2 |   5.9
        D:4 |     526 |     320 |  37.8 |      29 |      17 |  37.0
        D:5 |     732 |     131 |  15.2 |      24 |       1 |   4.0
        D:6 |     343 |       0 |   0.0 |      11 |       0 |   0.0
        D:7 |    1339 |       0 |   0.0 |      45 |       0 |   0.0
        D:8 |    1764 |    1122 |  38.9 |      23 |       6 |  20.7
        D:9 |     505 |    3117 |  86.1 |      16 |       5 |  23.8
       D:10 |    3268 |       0 |   0.0 |      29 |       0 |   0.0
       D:11 |    1343 |       0 |   0.0 |      11 |       0 |   0.0
      IceCv |       0 |    3171 | 100.0 |       0 |      22 | 100.0
            +---------+---------+-------+---------+---------+-------
